AoeStats
← かえで

MegaRandom

507017757Analyzed
4v4 RM · 16d ago on Sep 16, 2026· 42m 49s· 8 players
Game mode
Random Map
Map size
Large (8 player)
Population
200
Speed
Normal
Resources
Standard
Victory
Conquest
Starting age
Dark Age
Ending age
Imperial Age
RankedLock teamsTeams togetherTeam positionsShared explorationLock speedFull tech treeHidden civsTurbo modeCheats
Victory
Defeat
🇨🇳 Huns · China
849
+17
838
+18
🇬🇧 Bengalis · United Kingdom
837
+18
🇨🇳 Mongols · China
830
+18
🇨🇳 Maya · China
981
-22
🇨🇳 Ethiopians · China
875
-18
🇨🇳 Lithuanians · China
875
-18
🇩🇪 Britons · Germany
753
-21
BoBo鸡之印第安走地鸡
0:36 Loom
13:37 Feudal Age
15:52 Double-Bit Axe
15:56 Horse Collar
17:08 Stone Mining
17:11 Gold Mining
20:56 Castle Age
20:14 Man-at-Arms
22:50 Bow Saw
22:44 Heavy Plow
23:23 Gold Shaft Mining
31:08 Imperial Age
28:42 Scale Mail Armor
29:22 Forging
29:35 Gambesons
29:50 Squires
29:36 Arson
29:12 Long Swordsman
31:46 Chain Mail Armor
32:06 Iron Casting
31:22 Two-Handed Swordsman
31:29 Capped Ram
33:09 Conscription
32:21 Champion
32:22 Pikeman
33:51 Crop Rotation
35:45 Plate Mail Armor
36:15 Blast Furnace
36:31 Siege Ram
38:34 Two-Man Saw
38:42 Siege Engineers
41:27 Chieftains
40:49 Elite Berserk
Wololo
0:28 Loom
13:09 Feudal Age
16:48 Castle Age
15:32 Double-Bit Axe
15:30 Horse Collar
15:43 Gold Mining
17:22 Wheelbarrow
17:11 Stone Mining
25:43 Bow Saw
26:01 Heavy Plow
27:39 Gold Shaft Mining
28:22 Stone Shaft Mining
28:31 Fletching
28:42 Padded Archer Armor
33:20 Imperial Age
31:07 Hand Cart
33:00 Bodkin Arrow
33:20 Leather Archer Armor
34:30 Conscription
33:32 Elite Mangudai
33:42 Elite Mangudai
34:19 Capped Ram
36:31 Bracer
37:38 Chemistry
38:10 Bloodlines
38:01 Husbandry
38:08 Thumb Ring
38:29 Parthian Tactics
38:09 Siege Ram
39:26 Ballistics
40:17 Elite Skirmisher
40:23 Heavy Cavalry Archer
41:09 Murder Holes
41:26 Masonry
alvu7373
13:41 Feudal Age
14:17 Fishing Lines
16:14 Double-Bit Axe
20:52 Castle Age
22:15 Gold Mining
24:22 Gold Shaft Mining
23:59 Gillnets
24:29 Forging
29:07 Bow Saw
32:21 Imperial Age
30:01 Marauders
30:11 Horse Collar
34:26 Conscription
33:27 Elite Tarkan
34:10 Heavy Plow
35:13 Two-Man Saw
35:44 Husbandry
36:19 Bloodlines
40:22 Iron Casting
39:53 Scale Barding Armor
zohaibsiddique93
15:41 Feudal Age
17:01 Double-Bit Axe
17:42 Horse Collar
22:29 Castle Age
22:22 Forging
22:21 Scale Barding Armor
24:03 Wheelbarrow
23:08 Pikeman
24:01 Scale Mail Armor
24:23 Gambesons
25:35 Iron Casting
25:19 Caravan
26:43 Squires
27:13 Chain Barding Armor
28:26 Fletching
30:10 Bow Saw
30:04 Bodkin Arrow
29:55 Elite Skirmisher
30:57 Man-at-Arms
32:00 Chain Mail Armor
32:55 Paiks
32:15 Long Swordsman
34:56 Hand Cart
37:41 Imperial Age
36:20 Gold Mining
36:18 Loom
37:49 Elite Ratha (Ranged)
39:28 Two-Handed Swordsman
42:43 Blast Furnace
41:49 Champion
42:50 Bracer
42:18 Elite Elephant Archer
Destiny9x
16:30 Feudal Age
17:01 Horse Collar
17:10 Double-Bit Axe
18:50 Wheelbarrow
20:02 Fishing Lines
22:32 Padded Archer Armor
22:44 Forging
24:24 Fletching
27:40 Castle Age
28:07 Crossbowman
28:37 Gambesons
28:12 Man-at-Arms
29:25 Bodkin Arrow
29:31 Scale Mail Armor
29:37 Scale Barding Armor
31:55 Leather Archer Armor
32:16 Iron Casting
31:45 Gold Mining
31:46 Stone Mining
31:58 Heavy Plow
32:11 Bow Saw
32:07 Caravan
32:38 Masonry
32:27 Guard Tower
32:58 Careening
32:58 Clinker Construction
32:40 Heated Shot
33:13 Ballistics
33:13 Long Swordsman
34:19 Chain Mail Armor
34:14 Gillnets
34:48 Medium Warships
38:27 Imperial Age
37:05 Hand Cart
38:57 Onager
39:22 Arbalester
43:51 Two-Man Saw
43:09 Hand Cart
dfgedthdth
12:00 Feudal Age
16:19 Castle Age
16:42 Horse Collar
22:45 Heavy Plow
22:59 Crossbowman
24:35 Double-Bit Axe
24:44 Gold Mining
28:12 Fletching
28:23 Padded Archer Armor
29:13 Bow Saw
31:54 Imperial Age
30:32 Thumb Ring
32:04 Gold Shaft Mining
32:01 Fletching
32:12 Padded Archer Armor
32:57 Wheelbarrow
32:10 Loom
32:22 Arbalester
35:03 Chemistry
34:01 Bodkin Arrow
34:22 Leather Archer Armor
36:20 Bow Saw
41:28 Ballistics
41:13 Bracer
41:44 Ring Archer Armor
泥巴
10:44 Loom
12:30 Feudal Age
18:11 Castle Age
15:56 Horse Collar
16:03 Double-Bit Axe
17:23 Fishing Lines
20:20 Bow Saw
20:07 Gillnets
24:23 Wheelbarrow
28:59 Imperial Age
27:06 Medium Warships
28:25 Hand Cart
28:05 Stone Mining
28:35 Eagle Warrior
29:16 Squires
29:01 Arson
30:22 Heavy Plow
31:24 Two-Man Saw
30:21 Elite Eagle Warrior
31:03 Gold Mining
32:27 Forging
32:17 Scale Mail Armor
33:51 Iron Casting
33:52 Holcans
33:59 Hoardings
35:12 Chain Mail Armor
36:17 Blast Furnace
35:43 Ballistics
36:24 Chemistry
35:47 Conscription
36:56 Plate Mail Armor
36:52 Elite Plumed Archer
38:03 Fletching
38:14 Padded Archer Armor
40:56 Treadmill Crane
かえで
12:13 Feudal Age
18:48 Castle Age
21:24 Double-Bit Axe
21:22 Horse Collar
21:44 Stone Mining
21:44 Gold Mining
22:22 Loom
24:39 Wheelbarrow
23:50 Town Watch
24:20 Bow Saw
24:14 Heavy Plow
32:26 Scale Barding Armor
32:32 Forging
32:27 Husbandry
32:37 Bloodlines
35:59 Iron Casting
35:44 Chain Barding Armor
37:26 Bloodlines
38:48 Chain Barding Armor
Connection lost

Rejoining the realm…

Still unreachable

The connection could not be restored.

Session expired

The server has moved on; the page needs a fresh start.